 Dungeon Crawl Stone Soup version 0.31-a0-934-gf4fcaacff8 (webtiles) character file.

Game seed: 12178759023135919413

41277 Bnni the Impaler (level 14, -13/136 HPs)
             Began as a Hill Orc Monk on Oct 20, 2023.
             Was the Champion of Beogh.
             Mangled by a komodo dragon (21 damage)
             ... on level 5 of the Lair of Beasts.
             The game lasted 01:01:12 (21053 turns).

Bnni the Impaler (Hill Orc Monk)                   Turns: 21053, Time: 01:01:13

Health: -13/136    AC: 22    Str: 19    XL:     14   Next: 14%
Magic:  25/25      EV:  9    Int: 10    God:    Beogh [******]
Gold:   1104       SH:  0    Dex: 16    Spells: 13/13 levels left

rFire   . . .        u - +0 trident
rCold   + . .        d - orb {light}
rNeg    . . .        F - +0 chain mail "Gadapta" {rC+ Dex+3}
rPois   +            r - +2 hat {Will+}
rElec   .            B - +2 cloak {rPois}
rCorr   +            C - +0 pair of gloves
SInv    .            T - +0 pair of boots
Will    ++...        n - amulet of the acrobat Stlth
                     i - ring of resist corrosion
HPRegen 0.42/turn    A - +4 ring of protection
MPRegen 0.19/turn

%: acrobat
@: glowing
A: walk on water
a: Renounce Religion, Smiting, Recall Orcish Followers, Give Item to Named
Follower, Resurrection


You were on level 5 of the Lair of Beasts.
You worshipped Beogh.
Beogh was exalted by your worship.
You visited 2 branches of the dungeon, and saw 18 of its levels.

You collected 1214 gold pieces.
You spent 110 gold pieces at shops.

Inventory:

Hand Weapons
 u - a +0 trident (weapon)
Missiles
 e - 12 poisoned darts
 t - 2 boomerangs
 y - 9 javelins
 N - 2 curare-tipped darts
Armour
 d - an orb of light (worn)
 r - a +2 hat of willpower (worn)
 B - a +2 cloak of poison resistance (worn)
 C - a +0 pair of gloves (worn)
 F - the +0 chain mail "Gadapta" (worn) {rC+ Dex+3}
   (You found it on level 8 of the Dungeon)

   Dex+3:     It affects your dexterity (+3).
   rC+:       It protects you from cold.
 L - the +9 scale mail of Past Mistakes {rElec rF- rN+ Dex+7 Stlth+}
   (You found it on level 12 of the Dungeon)

   Dex+7:     It affects your dexterity (+7).
   rF-:       It makes you vulnerable to fire.
   rElec:     It insulates you from electricity.
   rN+:       It protects you from negative energy.
   Stlth+:    It makes you more stealthy.
 T - a +0 pair of boots (worn)
Jewellery
 b - a ring of ice
 i - a ring of resist corrosion (left hand)
 j - a ring of positive energy
 n - an amulet of the acrobat (around neck)
 A - a +4 ring of protection (right hand)
Wands
 f - a wand of digging (3)
 h - a wand of flame (19)
 l - a wand of mindburst (17)
 w - a wand of light (7)
 H - a wand of charming (8)
 S - a wand of roots (2)
Scrolls
 g - 4 scrolls of teleportation
 k - 2 scrolls of blinking
 o - a scroll of silence
 p - 4 scrolls of poison {unknown}
 q - 2 scrolls of amnesia
 v - 3 scrolls of enchant armour {unknown}
 x - 3 scrolls of brand weapon
 z - 2 scrolls of enchant weapon
 G - a scroll of revelation
 M - a scroll of fog {unknown}
 R - a scroll of immolation
 U - a scroll of fear {unknown}
Potions
 c - 2 potions of ambrosia
 m - 3 potions of curing
 s - a potion of might {unknown}
 D - a potion of lignification {unknown}
 E - 2 potions of attraction {unknown}
 I - 4 potions of invisibility {unknown}
 J - a potion of brilliance {unknown}
 K - 2 potions of enlightenment {unknown}
 O - 2 potions of cancellation {unknown}
 P - 2 potions of mutation {unknown}
 Q - a potion of resistance {unknown}


   Skills:
 + Level 15.8 Fighting
 + Level 17.1 Polearms
 + Level 6.2 Armour
 - Level 2.4 Dodging
 + Level 15.2 Invocations


You had 13 spell levels left.
You didn't know any spells.
Your spell library contained the following spells:

 Spells                   Type           Power      Damage    Failure   Level
 Slow                     Hex            0%         N/A       95%         1
 Confusing Touch          Hex            0%         N/A       100%        3
 Hailstorm                Conj/Ice       0%         3d3       100%        3
 Sigil of Binding         Hex            0%         N/A       100%        3
 Vampiric Draining        Necr           0%         2d6       100%        3
 Summon Ice Beast         Ice/Summ       0%         N/A       100%        4
 Simulacrum               Ice/Necr       0%         N/A       100%        6


Dungeon Overview and Level Annotations

Branches:
Dungeon (13/15)            Temple (0/1) D:7            Lair (5/5) D:9
 Shoals (0/4) Lair:3        Snake (0/4) Lair:2          Orc (0/2) D:11
  Slime: Lair:4-5    Vaults: D:13-14

Altars:
Cheibriados
Dithmenos
Gozag
Hepliaklqana
Uskayaw
Zin

Shops:
D:1 ?


Message History

Press: ? - help, Dir - move target, f/p - death yak
Aim: a death yak (moderately wounded, ally target, haloed, about 3% to evade your +0 trident)
You could not reach far enough!
The death yak gores Borgoth!
The komodo dragon bites Beowulf!
Borgoth hits the death yak with a +0 trident!
Beowulf barely misses the death yak.
Unknown command.
Reach: u) +0 trident
Press: ? - help, Dir - move target, f/p - death yak
Aim: a death yak (moderately wounded, ally target, haloed, about 3% to evade your +0 trident)
You reach to attack!
You puncture the death yak!
The death yak is moderately wounded.
Unknown command.
Unknown command.
Reach: u) +0 trident
Press: ? - help, Dir - move target, f/p - death yak
Aim: a death yak (moderately wounded, ally target, haloed, about 3% to evade your +0 trident)
You reach to attack!
You hit the death yak but do no damage.
The death yak is moderately wounded.
Borgoth blocks the death yak's attack.
The komodo dragon barely misses Beowulf.
Borgoth roars a battlecry!
Your orc knights go into a battle-frenzy!
Beowulf hits the death yak with a +2 bardiche of flaming!!!
Beowulf burns the death yak!
The death yak dies!
Beogh accepts your kill.
Reach: u) +0 trident
Press: ? - help, Dir - move target, f - you
Okay, then.
Borgoth closely misses the komodo dragon.
Beowulf closely misses the komodo dragon.
You see here a death yak corpse.
Reach: u) +0 trident
Press: ? - help, Dir - move target, f - komodo dragon
Aim: a komodo dragon (severely wounded, ally target, haloed, about 10% to evade your +0 trident)
You hit the komodo dragon.
The komodo dragon is severely wounded.
The komodo dragon bites you!!
You die...

##.....††.♣.... .
###....)....P..
..##
##............
..###....##÷....P.
#.#P...## .P.....
. #.....# .......
... #.#.####
##.P...
.....##ooo..#.#
#.÷..
......†l@....# #..
.............P#
..............#
.....#.#......#
.............##
.P.........###
....P.......
P#...#.....#.


You could see a komodo dragon (ally target), a friendly orc knight (strong), the
friendly Beowulf the orc knight (strong) and the friendly Borgoth the orc knight
(strong).

Vanquished Creatures
  Gastronok (Lair:3)
  A fire dragon (D:12)
  An entropy weaver (shapeshifter) (D:11)
  A hydra (Lair:4)
  An ogre mage (D:11)
  A catoblepas (Lair:3)
  A centaur warrior (D:11)
  5 two-headed ogres
  2 death yaks (Lair:5)
  Sonja (D:10)
  A skyshark (Lair:4)
  Pikel (D:4)
  2 ugly things (D:12)
  A manticore (D:13)
  2 cyclopes
  2 elephants
  2 black mambas (Lair:2)
  A gargoyle (D:12)
  A cane toad (Lair:5)
  A torpor snail (Lair:3)
  A rime drake (Lair:3)
  Maggie (D:8)
  2 komodo dragons
  A yaktaur (D:11)
  A troll (shapeshifter) (D:13)
  A polar bear (Lair:3)
  A troll (D:13)
  2 dream sheep (Lair:3)
  7 blink frogs
  A jumping spider (shapeshifter) (D:11)
  3 slime creatures
  Sigmund (D:4)
  4 basilisks
  A wyvern (D:9)
  25 yaks
  A steam dragon (D:7)
  A warg (D:11)
  Menkaure (D:7)
  7 water moccasins
  3 orc warriors
  2 black bears
  A sky beast (D:8)
  5 wolves
  An ogre (D:5)
  A boggart (D:11)
  4 centaurs
  A kobold brigand (D:7)
  5 bullfrogs
  A bullfrog (shapeshifter) (D:11)
  2 gnoll sergeants
  3 scorpions
  5 wights (D:7)
  6 killer bees
  A howler monkey (D:7)
  3 electric eels
  6 jellies
  3 hounds
  3 orc priests
  5 iguanas
  2 sleepcaps
  Natasha (thrice) (D:4)
  6 orc wizards
  7 gnolls
  10 adders
  A shadow imp (D:7)
  2 white imps
  2 dart slugs (D:4)
  10 orcs
  5 bats
  5 endoplasms
  2 giant cockroaches
  7 goblins
  11 hobgoblins
  3 jackals (D:2)
  3 quokkas
  16 ball pythons
  6 frilled lizards
  8 kobolds
  7 rats
268 creatures vanquished.

Vanquished Creatures (collateral kills)
  2 hydras
  A boulder beetle (D:10)
  2 centaur warriors (D:11)
  A two-headed ogre (D:11)
  4 death yaks (Lair:5)
  A deep elf pyromancer (D:13)
  An orc knight (D:11)
  2 manticores
  A cyclops (D:11)
  3 elephants (Lair:5)
  Maurice (D:7)
  5 black mambas
  9 cane toads
  An unseen horror (D:12)
  A yaktaur (D:11)
  2 trolls
  5 komodo dragons
  A polar bear (Lair:2)
  19 blink frogs
  2 dream sheep (Lair:3)
  4 slime creatures
  2 wraiths
  22 yaks
  3 basilisks
  5 wyverns
  3 vampire mosquitoes (D:9)
  An acid dragon (D:12)
  12 water moccasins
  3 black bears (Lair:1)
  3 centaurs
  7 wolves
  4 bullfrogs
  A killer bee (D:7)
  A howler monkey (D:11)
  3 orc priests
  3 orc wizards
  A gnoll (D:11)
  5 orcs
  2 kobolds (D:7)
149 creatures vanquished.

Vanquished Creatures (others)
  An orc knight (D:11)
  4 orc warriors (D:11)
  3 orc wizards
  4 orc priests
  A gnoll (D:11)
  12 orcs
  A ball python (D:4)
  An endoplasm (D:4)
27 creatures vanquished.

Grand Total: 444 creatures vanquished

Notes
Turn   | Place    | Note
-------+----------+-------------------------------------------
     0 | D:1      | Bnni the Hill Orc Monk began the quest for the Orb.
     0 | D:1      | Reached XP level 1. HP: 19/19 MP: 1/1
    81 | D:1      | Reached XP level 2. HP: 26/27 MP: 2/2
   103 | D:1      | Found a faded altar of an unknown god.
   222 | D:1      | Reached skill level 4 in Polearms
   266 | D:1      | Found Veiqias's Magic Scroll Shoppe.
   323 | D:1      | Bought a scroll of identify for 22 gold pieces
   355 | D:1      | Reached XP level 3. HP: 33/33 MP: 3/3
   744 | D:2      | Reached XP level 4. HP: 41/41 MP: 4/4
  1408 | D:3      | Reached skill level 5 in Polearms
  1660 | D:3      | Found a shadowy altar of Dithmenos.
  1912 | D:3      | Found an opulent altar of Gozag.
  1956 | D:3      | Reached XP level 5. HP: 46/47 MP: 5/5
  1964 | D:3      | Reached skill level 5 in Fighting
  2195 | D:4      | Became a worshipper of Beogh the Brigand
  2195 | D:4      | Reached * piety under Beogh
  2195 | D:4      | Reached ** piety under Beogh
  2313 | D:4      | Noticed Sigmund
  2338 | D:4      | Killed Sigmund
  2339 | D:4      | Reached skill level 6 in Polearms
  2339 | D:4      | Reached XP level 6. HP: 51/57 MP: 6/6
  2561 | D:4      | Reached skill level 7 in Polearms
  2667 | D:4      | Noticed Natasha
  2675 | D:4      | Killed Natasha
  2676 | D:4      | Reached XP level 7. HP: 51/63 MP: 7/7
  2747 | D:4      | Noticed Natasha
  2750 | D:4      | Killed Natasha
  2787 | D:4      | Noticed Natasha
  2791 | D:4      | Killed Natasha
  2845 | D:5      | Entered Level 5 of the Dungeon
  2845 | D:5      | Noticed Pikel
  2856 | D:4      | Killed Pikel
  2857 | D:4      | Reached skill level 8 in Polearms
  2857 | D:4      | Reached XP level 8. HP: 32/73 MP: 8/8
  3235 | D:5      | Reached skill level 9 in Polearms
  3235 | D:5      | Reached skill level 1 in Invocations
  4433 | D:6      | Reached skill level 10 in Polearms
  4433 | D:6      | Reached XP level 9. HP: 66/81 MP: 11/11
  4674 | D:6      | Reached *** piety under Beogh
  5052 | D:6      | You fall into a shaft and drop 1 floor!
  5453 | D:7      | Reached skill level 5 in Invocations
  5758 | D:7      | Found a staircase to the Ecumenical Temple.
  5977 | D:7      | Reached skill level 11 in Polearms
  6330 | D:7      | Noticed Menkaure
  6337 | D:7      | Killed Menkaure
  6548 | D:8      | Noticed Maurice
  6557 | D:7      | Killed Maurice
  6594 | D:8      | Noticed Maggie
  6618 | D:8      | Killed Maggie
  6619 | D:8      | Reached XP level 10. HP: 62/91 MP: 14/14
  6735 | D:8      | Reached skill level 12 in Polearms
  6998 | D:8      | Identified the +0 chain mail "Gadapta" {rC+ Dex+3}
  7410 | D:9      | Found a hide-covered altar of Uskayaw.
  7444 | D:8      | Reached skill level 10 in Fighting
  7592 | D:9      | Reached **** piety under Beogh
  7630 | D:9      | Found a snail-covered altar of Cheibriados.
  7631 | D:9      | Found a glowing silver altar of Zin.
  7633 | D:9      | Found a hazy altar of Hepliaklqana.
  7762 | D:9      | Noticed a two-headed ogre
  7772 | D:9      | Killed a two-headed ogre
  7979 | D:9      | Found a staircase to the Lair.
  7979 | D:9      | Noticed an elephant
  8000 | D:9      | Killed an elephant
  8012 | D:9      | Reached skill level 13 in Polearms
  8669 | D:1      | Bought a scroll of identify for 22 gold pieces
  8669 | D:1      | Bought a scroll of identify for 22 gold pieces
  8669 | D:1      | Bought a scroll of identify for 22 gold pieces
  8669 | D:1      | Bought a scroll of identify for 22 gold pieces
  8867 | D:10     | Entered Level 10 of the Dungeon
  9015 | D:10     | Noticed Sonja
  9018 | D:10     | Killed Sonja
  9219 | D:10     | Reached XP level 11. HP: 60/101 MP: 17/17
  9717 | D:11     | Noticed a boulder beetle
  9739 | D:10     | Killed a boulder beetle
  9949 | D:11     | Noticed a manticore
  9957 | D:11     | Killed a manticore
 10113 | D:11     | Noticed a two-headed ogre
 10123 | D:11     | Killed a two-headed ogre
 10123 | D:11     | Gained Spirok as an ally
 10124 | D:11     | Reached skill level 14 in Polearms
 10718 | D:11     | Noticed an ogre mage
 10718 | D:11     | Noticed a cyclops
 10720 | D:11     | Noticed a two-headed ogre
 10723 | D:11     | Killed a two-headed ogre
 10726 | D:11     | Noticed a two-headed ogre
 10727 | D:11     | Noticed a two-headed ogre
 10728 | D:11     | Your ally Spirok died
 10729 | D:11     | Noticed a centaur warrior
 10732 | D:11     | Noticed a two-headed ogre
 10733 | D:11     | Noticed a centaur warrior
 10734 | D:11     | Noticed a centaur warrior
 10738 | D:11     | Killed an ogre mage
 10741 | D:11     | Noticed an orc knight
 10746 | D:11     | Killed a two-headed ogre
 10747 | D:11     | Reached skill level 10 in Invocations
 10749 | D:11     | Killed a cyclops
 10752 | D:11     | Killed a two-headed ogre
 10757 | D:11     | HP: 4/156 [centaur warrior/arrow (10)]
 10765 | D:11     | Killed a centaur warrior
 10766 | D:11     | Killed a centaur warrior
 10771 | D:11     | Killed a centaur warrior
 11051 | D:11     | Noticed an entropy weaver
 11082 | D:11     | Killed an entropy weaver
 11082 | D:11     | Reached ***** piety under Beogh
 11090 | D:11     | Reached XP level 12. HP: 55/113 MP: 20/20
 11401 | D:11     | Killed a two-headed ogre
 11402 | D:11     | Reached skill level 15 in Polearms
 11549 | D:11     | Noticed a fire dragon
 11692 | D:12     | Identified the +9 scale mail of Past Mistakes {rElec rF-
                  | rN+ Dex+7 Stlth+}
 11894 | D:12     | Gained Borgoth as an ally
 12307 | D:12     | Identified a scroll of acquirement
 12309 | D:12     | Acquired a +2 bardiche of flaming
 13001 | D:12     | Killed a fire dragon
 13219 | D:11     | Found a staircase to the Orcish Mines.
 15183 | D:13     | Noticed an eight-headed hydra
 15183 | D:13     | Noticed a centaur warrior
 15451 | D:14     | Identified the "Tesho"
 15451 | Lair:1   | Entered Level 1 of the Lair of Beasts
 15973 | Lair:1   | Reached skill level 16 in Polearms
 16050 | Lair:1   | You fall into a shaft and drop 1 floor!
 16076 | Lair:2   | Reached XP level 13. HP: 101/125 MP: 21/23
 16182 | Lair:2   | Reached skill level 1 in Armour
 16491 | Lair:2   | Found a staircase to the Snake Pit.
 18123 | Lair:3   | Found a staircase to the Shoals.
 18142 | Lair:3   | Noticed Gastronok
 18155 | Lair:3   | Killed Gastronok
 18396 | Lair:3   | Reached skill level 15 in Fighting
 20123 | Lair:4   | Reached ****** piety under Beogh
 20124 | Lair:4   | Reached skill level 5 in Armour
 20175 | Lair:5   | Entered Level 5 of the Lair of Beasts
 20906 | Lair:5   | Reached XP level 14. HP: 135/135 MP: 25/25
 20967 | Lair:5   | Reached skill level 15 in Invocations
 21005 | Lair:5   | Reached skill level 17 in Polearms
 21008 | Lair:5   | Gained Beowulf as an ally
 21046 | Lair:5   | HP: 6/136 [death yak (10)]
 21053 | Lair:5   | Mangled by a komodo dragon

Illustrated notes

Levels and vault maps discovered:
D:1:      amcnicky_arrival_single_pillar, layout_rooms,
          nicolae_ecumenical_snake_handling, serial_shops, shop
D:2:      layout_basic
D:3:      layout_loops_ring, general_overflow_altar,
          mainiacjoe_overflow_boulevard, minmay_misc_feat_rugged,
          minmay_misc_feat_x
D:4:      layout_cave_pools, uniq_sigmund, uniq_natasha
D:5:      layout_loops_corners, grunt_ministairs_8, uniq_pikel
D:6:      layout_layer_cave
D:7:      layout_basic, minmay_temple_entry_overgrown, uniq_menkaure
D:8:      layout_basic, serial_bayou_ford_a, uniq_maurice, uniq_maggie
D:9:      layout_roguey, mainiacjoe_overflow_tiny_flanked,
          gammafunk_temple_overflow_forgotten, david_lair_generic
D:10:     layout_roguey, uniq_sonja
D:11:     layout_loops_cross, erik_orc_3, serial_co_window_serial,
          co_window_corner_a, co_window_corner_a, co_window_paths_b,
          co_window_corner_a, co_window_corner_a, co_window_cross_2,
          co_window_of_opportunity_c, co_window_2corner,
          co_window_of_opportunity_b, co_window_cross_3, co_window_4corner_a,
          glass_columns_a, glass_columns_b, glass_columns_b, minivault_28
D:12:     layout_roguey
D:13:     minmay_recursive_quarters, layout_rooms,
          eino_small_chamber_without_monster, uniq_nessos
Lair:1:   layout_regular_city, lemuel_fruit_fields
Lair:2:   layout_cave_pods, minmay_snake_entry_six_corridors, serial_forest,
          infiniplex_forest_zigzag_2, infiniplex_forest_clump_small,
          infiniplex_forest_zigzag_1, infiniplex_forest_end_1,
          infiniplex_forest_straight_5, serial_bayou_shore_b
Lair:3:   layout_roguey, elwin_shoals_entry_rocks, grunt_megastairs_1,
          uniq_gastronok
Lair:4:   layout_hall_layers, chequers_serial_rivers_large_b,
          serial_bayou_shore_a
Lair:5:   grunt_lair_end_beastmaster, layout_cave_pods, slime_entry_1,
          chequers_serial_rivers_room_a, minmay_stone_trees_small,
          grunt_megastairs_4

Skill      XL: |  1  2  3  4  5  6  7  8  9 10 11 12 13 14 |
---------------+-------------------------------------------+-----
Fighting       | 4 5 6 7 8 9 10 12 14 15 | 15.8
Polearms       | 4 5 6 7 8 10 11 13 14 16 17 | 17.1
Invocations    | 3 6 8 11 13 14 15 | 15.2
Armour         | 5 6 |  6.2
Dodging        | |  2.4

Action                     |  1- 3 |  4- 6 |  7- 9 | 10-12 | 13-15 || total
---------------------------+-------+-------+-------+-------+-------++-------
  Melee: Spear             |   118 |   160 |       |       |       ||   278
         Trident           |       |    19 |   304 |   553 |   374 ||  1250
  Throw: Javelin           |       |       |       |     4 |       ||     4
         Dart              |       |       |       |     8 |     1 ||     9
         Throwing net      |       |       |       |     1 |       ||     1
         Boomerang         |       |       |       |       |     4 ||     4
 Invoke: Convert to Beogh  |       |     1 |       |       |       ||     1
         Recall Orcish Fol |       |       |       |    20 |    14 ||    34
         Smiting           |       |       |       |       |     2 ||     2
         Give Item to Name |       |       |       |       |     1 ||     1
  Evoke: Wand              |       |    11 |       |     8 |       ||    19
    Use: Scroll            |     1 |     1 |     6 |     8 |     2 ||    18
         Potion            |       |       |       |     5 |     4 ||     9
   Stab: Distracted        |       |       |     1 |     8 |     6 ||    15
         Petrified         |       |       |       |       |     3 ||     3
 Armour: Robe              |    10 |       |       |       |       ||    10
         Plate armour      |    57 |   159 |   235 |   564 |   273 ||  1288
         Chain mail        |       |       |       |       |   135 ||   135
  Dodge: Dodged            |    30 |    53 |    65 |   242 |   155 ||   545

Table legend: (Time is in decaauts)
 A = Elapsed time spent in this place.
 B = Non-inter-level travel time spent in this place.
 C = Inter-level travel time spent in this place.
 D = Time resting spent in this place.
 E = Time spent auto-exploring this place.
 F = Levels seen in this place.
 G = Mean time per level.
                   A        B        C        D        E       F      G
               +--------+--------+--------+--------+--------+-----+--------+
         Total |  20673 |  19575 |   1098 |   5491 |   9168 |  18 | 1148.5 |
       Dungeon |  15235 |  14239 |    996 |   3965 |   6712 |  13 | 1171.9 |
          Lair |   5438 |   5337 |    101 |   1526 |   2456 |   5 | 1087.6 |
               +--------+--------+--------+--------+--------+-----+--------+

Top non-repeatable levels by time:
    D:11: 2443 daAuts
    D:12: 2104 daAuts
     D:7: 1689 daAuts
  Lair:3: 1420 daAuts
  Lair:2: 1332 daAuts
     D:9: 1230 daAuts
     D:5: 1211 daAuts
  Lair:1: 1126 daAuts
     D:3: 1033 daAuts
  Lair:4: 1007 daAuts
    D:10: 975 daAuts
     D:6: 897 daAuts
    D:13: 824 daAuts
     D:8: 808 daAuts
     D:2: 779 daAuts
